 Dungeon Crawl Stone Soup version 0.28-a0-657-g71136c5590 (webtiles) character file.

Game seed: 551312306711203433

327284 ABBCCCDDDD the Slayer (level 20, -10/180 HPs)
             Began as a Demonspawn Berserker on Oct 13, 2021.
             Was a High Priest of Trog.
             Mangled by Mennas (14 damage)
             ... on level 3 of the Vaults.
             The game lasted 01:22:09 (57820 turns).

ABBCCCDDDD the Slayer (Demonspawn Berserker)       Turns: 57820, Time: 01:22:10

Health: -10/180    AC: 33    Str: 24    XL:     20   Next: 78%
Magic:  20/20      EV: 16    Int: 15    God:    Trog [*****.]
Gold:   1717       SH: 18    Dex: 19    Spells: 19/19 levels left

rFire   + + .      SeeInvis .   q - +6 eveningstar (vamp)
rCold   + + +      Faith    .   Q - +0 kite shield
rNeg    + . .      Spirit   .   Z - +1 plate armour {rC+}
rPois   .          Reflect  .   (helmet restricted)
rElec   +          Harm     .   w - scarf {rC+ rF+}
rCorr   +          Rampage  .   U - +0 pair of gloves
Will    ++...                   G - +1 pair of boots
Stlth   ..........              J - amulet of Amorality {RegenMP Fragile rElec rN+ rCorr}
HPRegen 0.40/turn               L - ring of willpower
MPRegen 0.42/turn               B - ring "Tonukud" {rF+ rC++ rCorr Int+4 Dex+6}

@: on berserk cooldown, hasted and slowed, glowing, silenced
A: horns 2, icy blue scales 3, icemail 2, condensation shield, demonic magic 3,
corrupting presence 1
}: 2/15 runes: serpentine, barnacled
a: Renounce Religion


You were on level 3 of the Vaults.
You worshipped Trog.
Trog was extremely pleased with you.
You visited 6 branches of the dungeon, and saw 35 of its levels.
You visited the Abyss 1 time.
You visited 1 bazaar.
You also visited: Bailey.

You collected 4616 gold pieces.
You spent 2899 gold pieces at shops.

Inventory:

Hand Weapons
 q - a +6 vampiric eveningstar (weapon)
Missiles
 R - 15 throwing nets
 X - 105 poisoned darts (quivered)
Armour
 w - a scarf of resistance (worn)
 G - a +1 pair of boots (worn)
 Q - a +0 kite shield (worn)
 U - a +0 pair of gloves (worn)
 Z - a +1 plate armour of cold resistance (worn)
Jewellery
 f - an amulet of reflection
 g - a +4 ring of protection
 l - the ring "Toocai" {Ice Contam rN+++ Int-3 Dex+8}
   (You bought it in a shop in a bazaar)

   [ring of ice]

   It enhances your ice magic.
   Int:       It affects your intelligence (-3).
   Dex:       It affects your dexterity (+8).
   rF:        It makes you vulnerable to fire.
   rC:        It protects you from cold.
   rN:        It renders you almost immune to negative energy.
   Contam:    It causes magical contamination when unequipped.
 n - the ring of Tituc {Dex+2 SInv}
   (You acquired it on level 3 of the Lair of Beasts)

   [ring of see invisible]

   Dex:       It affects your dexterity (+2).
   SInv:      It lets you see invisible.
 o - a ring of protection from fire
 B - the ring "Tonukud" (right hand) {rF+ rC++ rCorr Int+4 Dex+6}
   (You found it on level 3 of the Abyss)

   [ring of dexterity]

   Int:       It affects your intelligence (+4).
   Dex:       It affects your dexterity (+6).
   rF:        It protects you from fire.
   rC:        It greatly protects you from cold.
   rCorr:     It protects you from acid and corrosion.
 H - a +4 ring of protection
 J - the amulet of Amorality (around neck) {RegenMP Fragile rElec rN+ rCorr}
   (You bought it in a shop on level 8 of the Dungeon)

   [amulet of magic regeneration]

   It increases your rate of magic regeneration.
   rElec:     It insulates you from electricity.
   rN:        It protects you from negative energy.
   rCorr:     It protects you from acid and corrosion.
   Fragile:   It will be destroyed if unequipped.
 L - a ring of willpower (left hand)
 S - a ring of poison resistance
 V - a ring of willpower
Wands
 h - a wand of acid (9)
 j - a wand of iceblast (20)
 p - a wand of charming (9)
 r - a wand of flame (99)
 u - a wand of digging (5)
 E - a wand of paralysis (16)
 Y - a wand of mindburst (51)
Scrolls
 a - 2 scrolls of magic mapping
 d - 8 scrolls of immolation
 i - 11 scrolls of fear
 k - 20 scrolls of teleportation
 t - 7 scrolls of blinking
 y - 7 scrolls of enchant armour
 C - 9 scrolls of vulnerability
 M - 8 scrolls of identify
 O - a scroll of holy word
 P - 2 scrolls of enchant weapon
 T - 2 scrolls of silence
 W - 5 scrolls of summoning
Potions
 b - 7 potions of mutation
 c - 5 potions of resistance
 e - 3 potions of might
 m - 5 potions of attraction
 s - 3 potions of flight
 v - 9 potions of heal wounds
 x - 3 potions of magic
 z - 5 potions of lignification
 A - 28 potions of degeneration
 D - 7 potions of haste
 I - a potion of ambrosia
 K - 5 potions of invisibility
 N - 12 potions of curing
Miscellaneous
 F - a phantom mirror (inert)


   Skills:
 + Level 21.0 Fighting
 - Level 16.0 Maces & Flails
 + Level 13.0 Armour
 + Level 15.6 Dodging
 - Level 15.0 Shields
 - Level 8.5 Evocations


You had 19 spell levels left.
You didn't know any spells.
Your spell library was empty.

Dungeon Overview and Level Annotations

Branches:
Dungeon (15/15)            Temple (0/1) D:7            Lair (6/6) D:9
 Shoals (4/4) Lair:2        Snake (4/4) Lair:4        Slime (0/5) Lair:6
    Orc (2/2) D:10            Elf (0/3) Orc:2        Vaults (4/5) D:13
  Crypt (0/3) Vaults:2     Depths (0/4) D:15         Bailey (visited)

Altars:
Cheibriados
Elyvilon
Hepliaklqana
Nemelex Xobeh
Okawaru
Qazlal
Sif Muna
Trog
Uskayaw
Wu Jian

Shops:
D:1 !(*   D:6 *   D:8 :*!?   D:12 **   Orc:1 ?   Orc:2 (?=*   Shoals:1 ?
Snake:2 (   Snake:3 *   Snake:4 !*?   Vaults:2 *

Portals:
Trove: D:11 (give +7 demon whip)

Annotations:
D:15 exclusion: ice statue
Shoals:4 1 runed translucent door, DungeonMaster's ghost, adept DsWn
Snake:2 1 runed translucent door
Vaults:1 1 transporter
Vaults:3 Mennas


Innate Abilities, Weirdness & Mutations

You have a pair of horns on your head.
You are completely covered in icy blue scales. (AC +4, rC+)
A meltable icy envelope protects you from harm. (AC +8)
A meltable shield of frost defends you. (SH +4)
Spells you cast and wands you use may paralyse nearby enemies.
Your presence sometimes corrodes those you injure.


Message History

a +0 ring mail; a +0 dire flail You block Mennas's attack.
Mennas hits you with a +5 sacred scourge of holy wrath!
You convulse.
You block the orc warlord's attack. You block Mennas's attack.
Mennas misses you.
Mennas becomes audible again.
Mennas gestures frantically.
Mennas's surroundings become eerily quiet.
Press: ? - help, v - describe, . - travel
Here: Mennas, wielding a +5 sacred scourge of holy wrath and wearing a +0 tower shield (silenced, severely wounded, radiating silence, haloed)
The floor.
Unknown command.
Aiming: Corrosive Bolt
Press: ? - help, Shift-Dir - straight line, f - orc warlord
Aim: an orc warlord, wielding a +0 battleaxe and wearing a +2 plate armour of poison resistance (silenced, heavily wounded, haloed, 89% to hit)
The bolt of acid misses Mennas.
The bolt of acid hits the orc warlord!
The orc warlord is heavily wounded.
Malevolent energies surge around you.
The orc warlord suddenly stops moving!
Mennas closely misses you. Mennas hits you but does no damage.
Aiming: Corrosive Bolt
Press: ? - help, Shift-Dir - straight line, f/p - orc warlord
Aim: an orc warlord, wielding a +0 battleaxe and wearing a +2 plate armour of poison resistance (silenced, heavily wounded, paralysed, haloed, 100% to hit)
The bolt of acid hits Mennas!!
The acid corrodes Mennas!
Mennas is almost dead.
The bolt of acid hits the orc warlord!!
The acid corrodes the orc warlord!
The orc warlord is severely wounded.
Malevolent energies surge around you.
Mennas hits you with a +5 sacred scourge of holy wrath!
You convulse!
* * * LOW HITPOINT WARNING * * *
Mennas hits you with a +5 sacred scourge of holy wrath!
* * * LOW HITPOINT WARNING * * *
You convulse!
* * * LOW HITPOINT WARNING * * *
Mennas hits you with a +5 sacred scourge of holy wrath!
* * * LOW HITPOINT WARNING * * *
You convulse!
* * * LOW HITPOINT WARNING * * *
Mennas hits you with a +5 sacred scourge of holy wrath!
You die...

###++#'########## #...#
#..#)
#.........##.<###...#
#..#'
#.........##>>.###..#
#..'. #
#.........###.[.###.#
#..'. # #.........#
##...##.# #..#'
###.........#####co.#.#
#..#.
..#.........#..###.#..#
#..#.
..'........)'...###o(.#
#..#.
#############...@A....#
#..#. # #######''#####
#..#. # #......########
# #......'.......
#......#......)
#......#....... #
#......'.....>. #
#......'....... #
#..[...'.......


You could see Mennas (silencing, corroded) and an orc warlord (paralysed,
corroded).

Vanquished Creatures
  Margery (Vaults:2)
  Nikola (Vaults:3)
  Rupert (Lair:5)
  An ancient champion (Vaults:2)
  5 sphinxes
  A tengu reaver (Vaults:3)
  Donald (Orc:2)
  A fenstrider witch (Shoals:2)
  6 nagarajas
  7 vault wardens
  Aizul (Snake:2)
  Louise (Shoals:2)
  A curse skull (Vaults:2)
  11 ironbound preservers
  2 war gargoyles (Vaults:2)
  A stone giant (Shoals:1)
  Nessos (D:13)
  A vampire knight (Vaults:2)
  3 entropy weavers
  20 dire elephants
  5 merfolk impalers
  A crystal guardian (Vaults:2)
  2 fire dragons (D:15)
  An ettin (Vaults:3)
  4 merfolk javelineers
  10 yaktaur captains
  A boulder beetle (Lair:2)
  7 hydras
  4 vault guards
  5 great orbs of eyes
  6 ironbound thunderhulks
  Fannar (D:10)
  2 peacekeepers (Vaults:2)
  4 alligator snapping turtles
  2 catoblepae
  2 salamander tyrants (Snake:4)
  9 ironbound frosthearts
  6 anacondas
  2 merfolk avatars
  14 naga warriors
  6 satyrs
  15 centaur warriors
  7 two-headed ogres
  A tengu warrior (D:15)
  A deep troll shaman (Lair:6)
  4 merfolk aquamancers
  3 death yaks (Lair:6)
  An orc high priest (Orc:2)
  6 shock serpents
  Urug (D:13)
  2 naga sharpshooters
  A hell knight (Vaults:2)
  3 skeletal warriors (D:15)
  3 salamander mystics
  14 sea snakes
  7 naga ritualists
  A glowing orange brain (Vaults:1)
  4 orc knights
  24 deep trolls
  11 harpies
  13 ironbound convokers
  9 wizards
  2 lindwurms (Vaults:1)
  A lindwurm (shapeshifter) (Vaults:1)
  6 necromancers
  2 deep elf pyromancers
  17 salamanders
  7 cyclopes
  30 ugly things
  8 orc sorcerers
  11 manticores
  31 fauns
  10 mana vipers
  7 merfolk sirens
  Joseph (D:8)
  Maurice (D:8)
  9 naga magi
  7 guardian serpents (Snake:4)
  25 elephants
  38 black mambas
  11 vault sentinels
  5 water nymphs
  An unseen horror (D:12)
  A gargoyle (D:12)
  A torpor snail (Lair:2)
  A freezing wraith (Vaults:2)
  34 yaktaurs
  15 komodo dragons
  A rime drake (Lair:4)
  A kobold demonologist (D:11)
  9 cane toads
  A tengu conjurer (D:15)
  3 meliai (D:15)
  6 trolls
  7 polar bears
  A wolf spider simulacrum (D:15)
  42 merfolk
  3 wind drakes
  2 snapping turtles
  A hornet (Lair:3)
  13 blink frogs
  30 slime creatures
  2 dream sheep (Shoals:1)
  5 redbacks (Vaults:3)
  A meliai zombie (D:11)
  A shadow (D:11)
  A centaur simulacrum (D:15)
  2 spriggans
  7 water elementals
  The ghost of whitenoisemaker the Conjurer, an amateur DECj (D:4)
  2 wraiths
  2 vampires
  46 yaks
  16 humans (D:13)
  4 basilisks
  2 wyverns
  A chaos spawn (Abyss:4)
  2 steam dragons (D:9)
  8 vampire mosquitoes
  Menkaure (D:6)
  26 nagas
  5 wargs
  2 acid dragons
  13 water moccasins
  Duvessa (D:4)
  A swamp drake (D:10)
  A hornet zombie (D:5)
  23 orc warriors
  A black bear (shapeshifter) (D:14)
  11 black bears
  7 ice beasts
  10 ogres
  A sky beast (D:6)
  3 boggarts (Vaults:1)
  A necrophage (D:6)
  11 centaurs
  61 wolves
  18 bullfrogs
  3 kobold brigands
  A scorpion (D:4)
  A gnoll sergeant (D:10)
  Dowan (D:4)
  13 killer bees
  2 howler monkeys (D:6)
  2 electric eels
  2 hounds
  2 jellies (D:4)
  31 orc priests
  Crazy Yiuf (D:3)
  A centaur skeleton (D:6)
  2 iguanas
  Ijyb (D:4)
  34 orc wizards
  A killer bee zombie (D:8)
  27 gnolls
  2 howler monkey skeletons (D:6)
  5 adders
  A shadow imp (D:6)
  2 white imps
  An ufetubus (D:5)
  2 adder skeletons (D:4)
  2 worms (D:4)
  2 dart slugs (D:3)
  67 orcs
  2 endoplasms
  4 giant cockroaches
  28 hobgoblins
  13 kobolds
  2 quokkas
  11 ball pythons
  5 bats
  3 frilled lizards
  8 goblins
  2 rats
1281 creatures vanquished.

Vanquished Creatures (collateral kills)
  A merfolk javelineer (Shoals:4)
  A cyclops (Shoals:1)
  A merfolk siren (Shoals:1)
  A naga mage (Snake:1)
  5 merfolk
  A snapping turtle (Shoals:1)
10 creatures vanquished.

Vanquished Creatures (others)
  A wizard (Vaults:2)
  A mana viper (Snake:2)
  A black mamba (Snake:2)
  An orc warrior (D:10)
  An adder skeleton (D:4)
  An orc (D:10)
  29 fungi
  214 plants
  2 starspawn tentacles (Abyss:3)
  17 tentacles (Shoals:1)
268 creatures vanquished.

Grand Total: 1559 creatures vanquished

Notes
Turn   | Place    | Note
-------+----------+-------------------------------------------
     0 | D:1      | ABBCCCDDDD the Demonspawn Berserker began the quest for the
                  | Orb.
     0 | D:1      | Reached XP level 1. HP: 18/18 MP: 1/1
    86 | D:1      | Found Vissalid's Distillery.
   153 | D:1      | Found Sivuuw's Weapon Shop.
   312 | D:1      | Found Afrenoef's Assorted Antiques.
   402 | D:1      | Gained mutation: Spells you cast may paralyse adjacent
                  | enemies. [demonic ancestry]
   402 | D:1      | Reached XP level 2. HP: 24/24 MP: 2/2
   445 | D:1      | Found a faded altar of an unknown god.
  1885 | D:1      | Gained mutation: A meltable shield of frost defends you.
                  | (SH +4) [demonic ancestry]
  1885 | D:1      | Reached XP level 3. HP: 29/29 MP: 3/3
  2501 | D:2      | Gained mutation: Spells you cast may paralyse nearby
                  | enemies. [demonic ancestry]
  2501 | D:2      | Reached XP level 4. HP: 22/35 MP: 4/4
  3566 | D:3      | Found a runed translucent door.
  3567 | D:3      | Noticed Crazy Yiuf
  3622 | D:3      | Found a snail-covered altar of Cheibriados.
  3677 | D:3      | Found an iron altar of Okawaru.
  3677 | D:3      | Found a hazy altar of Hepliaklqana.
  3897 | D:3      | Killed Crazy Yiuf
  4145 | D:4      | Noticed a bullfrog
  4147 | D:4      | Reached ** piety under Trog
  4165 | D:4      | Killed a bullfrog
  4166 | D:4      | Gained mutation: You have a pair of small horns on your
                  | head. [demonic ancestry]
  4166 | D:4      | Reached XP level 5. HP: 13/42 MP: 5/5
  4668 | D:4      | Reached skill level 4 in Fighting
  4669 | D:4      | Gained mutation: A meltable icy envelope protects you from
                  | harm. (AC +8) [demonic ancestry]
  4669 | D:4      | Reached XP level 6. HP: 48/48 MP: 6/6
  4926 | D:4      | Found a stormy altar of Qazlal.
  5024 | D:4      | Noticed Dowan
  5024 | D:4      | Noticed Duvessa
  5153 | D:4      | Found a runed translucent gate.
  5161 | D:4      | Killed Duvessa
  5164 | D:4      | Killed Dowan
  5165 | D:4      | Reached skill level 1 in Evocations
  5199 | D:4      | Found a runed translucent gate.
  5199 | D:4      | Found a runed translucent gate.
  5214 | D:4      | Noticed Ijyb
  5225 | D:4      | Killed Ijyb
  5226 | D:4      | Reached skill level 5 in Maces & Flails
  5226 | D:4      | Gained mutation: Spells you cast and wands you use may
                  | paralyse nearby enemies. [demonic ancestry]
  5226 | D:4      | Reached XP level 7. HP: 54/54 MP: 7/7
  5578 | D:4      | Noticed whitenoisemaker's ghost (amateur DECj)
  5585 | D:4      | Killed whitenoisemaker's ghost
  5678 | D:5      | Entered Level 5 of the Dungeon
  5702 | D:5      | Reached XP level 8. HP: 61/61 MP: 8/8
  5827 | D:5      | Found a hide-covered altar of Uskayaw.
  5834 | D:5      | Reached skill level 5 in Fighting
  6030 | D:5      | Found a bloodstained altar of Trog.
  6928 | D:6      | Identified the ring "Siupt" {rC+ Int+6}
  7085 | D:6      | Reached *** piety under Trog
  7159 | D:6      | Found Lanarch's General Store.
  7172 | D:6      | Bought a +0 pair of boots for 45 gold pieces
  7172 | D:6      | Bought a scroll of noise for 10 gold pieces
  7317 | D:6      | Found an ornate altar of the Wu Jian Council.
  7357 | D:6      | Reached XP level 9. HP: 69/69 MP: 9/9
  7545 | D:6      | Noticed Menkaure
  7552 | D:6      | Killed Menkaure
  8001 | D:6      | Reached skill level 5 in Dodging
  8345 | D:7      | Found a staircase to the Ecumenical Temple.
  8373 | D:7      | Reached skill level 5 in Armour
  8397 | D:6      | Reached skill level 6 in Fighting
  9180 | D:8      | Noticed Joseph
  9193 | D:8      | Killed Joseph
  9337 | D:8      | Found a sparkling altar of Nemelex Xobeh.
  9488 | D:8      | Found Haynime's Book Shoppe.
  9514 | D:8      | Noticed a two-headed ogre
  9523 | D:8      | Killed a two-headed ogre
  9524 | D:8      | Reached skill level 5 in Evocations
  9524 | D:8      | Gained mutation: You are partially covered in icy blue
                  | scales. (AC +2) [demonic ancestry]
  9524 | D:8      | Reached XP level 10. HP: 77/77 MP: 10/10
  9577 | D:8      | Found a shimmering blue altar of Sif Muna.
  9796 | D:8      | Found Zywo's Magic Scroll Boutique.
  9803 | D:8      | Bought a scroll of fog for 24 gold pieces
  9803 | D:8      | Bought a scroll of teleportation for 36 gold pieces
  9803 | D:8      | Bought a scroll of blinking for 90 gold pieces
  9840 | D:8      | Found Yfiunuuc's Distillery.
  9845 | D:8      | Bought a potion of heal wounds for 55 gold pieces
  9845 | D:8      | Bought a potion of haste for 110 gold pieces
  9868 | D:8      | Noticed Maurice
  9890 | D:8      | Killed Maurice
  9891 | D:8      | Reached skill level 7 in Fighting
  9921 | D:8      | Found Kyoff's Assorted Antiques.
  9933 | D:8      | Bought a fine silver amulet for 120 gold pieces
  9933 | D:8      | Identified the amulet of Amorality {RegenMP Fragile rElec
                  | rN+ rCorr} (You bought it in a shop on level 8 of the
                  | Dungeon)
  9933 | D:8      | Bought a scroll labelled ZOFOAZ DOHOQOC for 24 gold pieces
 10215 | D:9      | Found a staircase to the Lair.
 10284 | D:9      | Found a flagged portal.
 10344 | Bailey   | Entered a bailey
 10413 | Bailey   | Reached **** piety under Trog
 10530 | Bailey   | Noticed an orc knight
 10567 | Bailey   | Killed an orc knight
 11395 | D:9      | Identified the +1 ring mail "Panaexez" {+Inv}
 11634 | D:10     | Entered Level 10 of the Dungeon
 11634 | D:10     | Noticed a two-headed ogre
 11642 | D:10     | Killed a two-headed ogre
 11759 | D:10     | Noticed a two-headed ogre
 11780 | D:10     | Killed a two-headed ogre
 11781 | D:10     | Reached skill level 8 in Fighting
 11781 | D:10     | Reached skill level 10 in Maces & Flails
 11781 | D:10     | Reached XP level 11. HP: 86/86 MP: 11/11
 11878 | D:10     | Noticed Fannar
 11889 | D:10     | Killed Fannar
 11984 | D:10     | Noticed a deep elf pyromancer
 11992 | D:10     | Killed a deep elf pyromancer
 12122 | D:10     | Noticed a two-headed ogre
 12131 | D:10     | Killed a two-headed ogre
 12542 | D:10     | Noticed a purple ugly thing
 12557 | D:10     | Killed a purple ugly thing
 12877 | D:10     | Found a staircase to the Orcish Mines.
 13002 | Lair:1   | Entered Level 1 of the Lair of Beasts
 13395 | Lair:1   | Noticed a five-headed hydra
 13411 | Lair:1   | Killed a five-headed hydra
 13413 | Lair:1   | Reached ***** piety under Trog
 13433 | Lair:1   | Reached skill level 9 in Fighting
 14295 | Lair:1   | Reached XP level 12. HP: 57/95 MP: 12/12
 14467 | Lair:2   | Noticed a boulder beetle
 14497 | Lair:2   | Killed a boulder beetle
 15496 | Lair:2   | Reached skill level 1 in Shields
 15719 | Lair:2   | Received a gift from Trog
 16071 | Lair:2   | Found a staircase to the Shoals.
 16821 | Lair:2   | Reached skill level 10 in Fighting
 18119 | Lair:3   | Identified 3 scrolls of acquirement
 18120 | Lair:3   | Acquired a +2 eveningstar of venom
 18144 | Lair:3   | Acquired the ring of Tituc {Dex+2 SInv}
 18146 | Lair:3   | Acquired a scarf of resistance
 18231 | Lair:3   | Noticed a five-headed hydra
 18243 | Lair:3   | Killed a five-headed hydra
 18612 | Lair:3   | Gained mutation: You are mostly covered in icy blue scales.
                  | (AC +3) [demonic ancestry]
 18612 | Lair:3   | Reached XP level 13. HP: 98/104 MP: 13/13
 18615 | Lair:3   | Reached skill level 5 in Shields
 19974 | Lair:4   | Found a staircase to the Snake Pit.
 20636 | Lair:5   | Reached skill level 11 in Fighting
 21194 | Lair:5   | Noticed Rupert
 21194 | Lair:5   | Paralysed by Rupert for 3 turns
 21208 | Lair:5   | Killed Rupert
 22028 | Lair:6   | Entered Level 6 of the Lair of Beasts
 22426 | Lair:6   | Received a gift from Trog
 22713 | Lair:6   | Gained mutation: You are completely covered in icy blue
                  | scales. (AC +4, rC+) [demonic ancestry]
 22713 | Lair:6   | Reached XP level 14. HP: 98/114 MP: 14/14
 23160 | Lair:6   | Reached skill level 12 in Fighting
 23651 | Lair:6   | Identified the +0 chain mail of Loomur {rPois rC- Int+2}
 23779 | Lair:6   | Found a staircase to the Slime Pits.
 24243 | Orc:1    | Entered Level 1 of the Orcish Mines
 24629 | Orc:2    | Entered Level 2 of the Orcish Mines
 24629 | Orc:2    | Found a staircase to the Elven Halls.
 24741 | Orc:2    | Reached skill level 10 in Shields
 24849 | Orc:2    | Received a gift from Trog
 24934 | Orc:2    | Noticed Donald
 24948 | Orc:2    | Killed Donald
 25790 | Orc:2    | Found Hostral's Magic Scroll Shoppe.
 25790 | Orc:2    | Found Paipsib's Weapon Shoppe.
 25791 | Orc:2    | Found Fath's Jewellery Emporium.
 25795 | Orc:2    | Found Dopen's Assorted Antiques.
 26153 | Orc:1    | Found Uplec's Magic Scroll Emporium.
 26155 | Orc:1    | Bought 2 scrolls of magic mapping for 98 gold pieces
 26155 | Orc:1    | Bought a scroll of silence for 105 gold pieces
 26155 | Orc:1    | Bought 2 scrolls of teleportation for 84 gold pieces
 26155 | Orc:1    | Bought 2 scrolls of fear for 98 gold pieces
 26385 | Orc:1    | Received a gift from Trog
 26493 | Orc:1    | You fall into a shaft and drop 1 floor!
 26883 | Orc:2    | Bought a brightly glowing chain mail for 342 gold pieces
 26883 | Orc:2    | Identified the +1 chain mail "Eliu" {rF- rCorr Str+6} (You
                  | bought it in a shop on level 2 of the Orcish Mines)
 27039 | D:11     | Found a flickering gateway to a bazaar.
 27056 | Bazaar   | Entered a bazaar
 27056 | Bazaar   | Found Ipteca's Distillery.
 27056 | Bazaar   | Found Icoxats's Assorted Antiques.
 27056 | Bazaar   | Found Ugairgh's Weapon Shop.
 27058 | Bazaar   | Found Iklirch's Armour Boutique.
 27078 | Bazaar   | Bought a crude jade ring for 115 gold pieces
 27078 | Bazaar   | Identified the ring "Toocai" {Ice Contam rN+++ Int-3 Dex+8}
                  | (You bought it in a shop in a bazaar)
 27107 | Bazaar   | Bought a potion of heal wounds for 55 gold pieces
 27107 | Bazaar   | Bought a potion of flight for 33 gold pieces
 27107 | Bazaar   | Bought a potion of resistance for 110 gold pieces
 27107 | Bazaar   | Bought a potion of lignification for 33 gold pieces
 27107 | Bazaar   | Bought a potion of invisibility for 88 gold pieces
 27749 | D:11     | Found a portal to a secret trove of treasure.
 28072 | D:12     | Found Fumpiam's Specific Store.
 28074 | D:12     | Found Ifit's General Store.
 28085 | D:12     | Bought a scroll of holy word for 112 gold pieces
 29267 | D:12     | Reached skill level 13 in Fighting
 30000 | D:13     | Gained mutation: Your presence sometimes corrodes those you
                  | injure. [demonic ancestry]
 30000 | D:13     | Reached XP level 15. HP: 112/123 MP: 15/15
 30317 | D:13     | Noticed Nessos
 30325 | D:13     | Noticed Urug
 30348 | D:13     | Killed Urug
 30380 | D:13     | Killed Nessos
 30609 | D:13     | Found a gate to the Vaults.
 31246 | D:14     | You fall into a shaft and drop 1 floor!
 31246 | D:15     | Entered Level 15 of the Dungeon
 32153 | D:14     | Received a gift from Trog
 33290 | D:15     | Reached skill level 15 in Maces & Flails
 33352 | D:15     | Found a staircase to the Depths.
 33974 | Snake:1  | Entered Level 1 of the Snake Pit
 34220 | Orc:2    | Bought a ring of poison resistance for 300 gold pieces
 34810 | Snake:1  | Reached skill level 14 in Fighting
 36228 | Snake:2  | Noticed Aizul
 36247 | Snake:2  | Killed Aizul
 36427 | Snake:2  | Found a runed translucent door.
 36454 | Snake:2  | Found Yckunkiv's Weapon Shoppe.
 36457 | Snake:2  | Noticed a nagaraja
 36484 | Snake:2  | Killed a nagaraja
 36493 | Snake:2  | Reached XP level 16. HP: 117/133 MP: 16/16
 36760 | Snake:2  | Identified the +1 robe "Zucsus" {rF+ Dex+4 Stlth+}
 39028 | Snake:3  | Found Otzogo's Mayhem Merchandise.
 39735 | Snake:4  | Entered Level 4 of the Snake Pit
 40013 | Snake:4  | Found Ide Pos's Distillery.
 40015 | Snake:4  | Found Tydoum's Assorted Antiques.
 40018 | Snake:4  | Found Daakka Vyotz's Magic Scroll Emporium.
 40025 | Snake:4  | Bought a scroll of blinking for 142 gold pieces
 40025 | Snake:4  | Bought a scroll of enchant weapon for 142 gold pieces
 40887 | Snake:4  | Reached skill level 15 in Shields
 40891 | Snake:4  | Reached skill level 15 in Fighting
 41940 | Snake:4  | Reached skill level 16 in Fighting
 42322 | Snake:4  | Reached XP level 17. HP: 144/144 MP: 17/17
 42868 | Snake:4  | Gained mutation: A meltable icy envelope protects you from
                  | harm. (AC +8) [demonic ancestry]
 42868 | Snake:4  | Reached XP level 18. HP: 151/151 MP: 18/18
 43550 | Snake:4  | Got a serpentine rune of Zot
 43747 | Shoals:1 | Entered Level 1 of the Shoals
 43957 | Shoals:1 | Reached skill level 10 in Dodging
 44206 | Shoals:1 | Found Saqygoos's Magic Scroll Emporium.
 44428 | Shoals:1 | Bought a scroll of fear for 66 gold pieces
 45628 | Shoals:1 | Identified the +10 hand axe "Minuun" {vorpal, rElec rPois
                  | rF+ rCorr Int-3} (Trog gifted it to you on level 1 of the
                  | Shoals)
 45628 | Shoals:1 | Received a gift from Trog
 47264 | Shoals:2 | Reached skill level 17 in Fighting
 47506 | Shoals:3 | Noticed Louise
 47511 | Shoals:3 | Cast into level 3 of the Abyss (Louise)
 47511 | Abyss:3  | Noticed a tentacled monstrosity
 47511 | Abyss:3  | Found a corrupted altar of Lugonu.
 47511 | Abyss:3  | Found a transporter.
 47518 | Abyss:3  | Identified the ring "Tonukud" {rF+ rC++ rCorr Int+4 Dex+6}
 47585 | Shoals:3 | Escaped the Abyss
 47603 | Shoals:2 | Killed Louise
 49144 | Shoals:4 | Entered Level 4 of the Shoals
 49443 | Shoals:4 | Reached skill level 10 in Armour
 49636 | Shoals:4 | Got a barnacled rune of Zot
 49767 | Shoals:4 | Found a runed translucent door.
 49768 | Shoals:4 | Noticed DungeonMaster's ghost (adept DsWn)
 50360 | Shoals:4 | Reached XP level 19. HP: 159/162 MP: 19/19
 50363 | Shoals:4 | Identified the ring "Fen Fon" {Fly Dex+8 Slay-4}
 51310 | Vaults:1 | Entered Level 1 of the Vaults
 51715 | Vaults:1 | Reached skill level 18 in Fighting
 52032 | D:8      | Bought a scroll of brand weapon for 240 gold pieces
 52032 | D:8      | Bought a scroll of blinking for 90 gold pieces
 52032 | D:8      | Bought a scroll of enchant armour for 90 gold pieces
 52032 | D:8      | Bought a scroll of fear for 42 gold pieces
 52621 | Vaults:1 | Identified the +6 double sword of Disgust {antimagic, rCorr
                  | Stlth+} (Trog gifted it to you on level 1 of the Vaults)
 52621 | Vaults:1 | Received a gift from Trog
 52711 | Vaults:1 | You fall into a shaft and drop 1 floor!
 52711 | Vaults:2 | Found a staircase to the Crypt.
 52915 | Vaults:2 | Reached skill level 19 in Fighting
 53310 | Vaults:2 | Reached ****** piety under Trog
 53387 | Vaults:2 | Noticed Margery
 53398 | Vaults:2 | Killed Margery
 53909 | Vaults:2 | Received a gift from Trog
 53910 | Vaults:2 | Reached skill level 20 in Fighting
 54138 | Vaults:2 | Gained mutation: You have a pair of horns on your head.
                  | [demonic ancestry]
 54138 | Vaults:2 | Reached XP level 20. HP: 176/176 MP: 20/20
 54410 | Vaults:2 | Found Limimn's Assorted Antiques.
 55727 | Vaults:1 | Found a transporter.
 55728 | Vaults:1 | Found a shimmering blue altar of Sif Muna.
 55765 | Vaults:1 | Noticed a dread lich
 55905 | Vaults:3 | Acquired 919 gold pieces
 55927 | Vaults:3 | Received a gift from Trog
 56013 | Vaults:3 | Noticed Nikola
 56041 | Vaults:3 | Killed Nikola
 56255 | Vaults:3 | Reached skill level 15 in Dodging
 56998 | Vaults:3 | Received a gift from Trog
 57625 | Vaults:3 | Reached skill level 21 in Fighting
 57723 | Vaults:4 | Paralysed by a great orb of eyes for 6 turns
 57783 | Vaults:4 | Noticed Mennas
 57820 | Vaults:3 | HP: 4/180 [Mennas (9)]
 57820 | Vaults:3 | Mangled by Mennas

Illustrated notes

Levels and vault maps discovered:
D:1:      elethiomel_arrival_infinity_welcomes_careful_drivers, layout_basic,
          serial_shops, nicolae_diamond_shop, nicolae_shop_crystal, shop,
          shapermc_ecumenical_altar_mp_highgroup
D:2:      layout_rooms
D:3:      layout_basic, nicolae_overflow_hidden_temple,
          gammafunk_temple_overflow_elements, elyvilon_altar_5,
          due_unseen_surprise, uniq_crazy_yiuf_cottage
D:4:      minmay_inner_zag, layout_basic, nicolae_qazlal_general_emergency,
          ebering_ghost_rock_garden, minmay_misc_feat_pillars, st_stairs_13,
          minmay_misc_feat_cross, uniq_ijyb, uniq_duvessa
D:5:      layout_basic, nicolae_uskayaw_dance_hall, bloody_trog
D:6:      layout_basic, nicolae_wu_jian_wuxing_cycle, serial_shops,
          nicolae_shop_stone, minmay_joined_circles, uniq_menkaure
D:7:      layout_rooms, minmay_temple_entry_stoned_glass
D:8:      layout_loops_ring, nemelex_spade_bored_becter,
          lemuel_coloured_pillars_altar, serial_shops, shop_fountains, shop,
          shop, shop, uniq_maurice, uniq_joseph
D:9:      layout_roguey, david_lair_shrubbed, enter_bailey_7,
          skrybe_limestone_x, roderic_nine_men_s_morris
D:10:     layout_irregular_city, erik_orc_1, uniq_fannar
D:11:     layout_loops_corners, serial_shops, bzr_entry_customers, enter_trove_1
D:12:     layout_layer_cave, minmay_misc_feat_iff, nicolae_specific_store
D:13:     layout_irregular_city, david_vaults_3
D:14:     layout_gridville
D:15:     grunt_enter_depths_hoard, layout_grid_maze, nicolae_twisting_strands,
          ice2_lemuel
Lair:1:   layout_cave_shapes, serial_bayou_lagoon_a,
          chequers_serial_rivers_micro_d
Lair:2:   layout_layer_cave, elwin_shoals_entry_rooms, beast_lair_carwin_8
Lair:3:   layout_regular_city, grunt_forest_large_clearings,
          infiniplex_staircase_pool, lemuel_fruit_fields
Lair:4:   layout_cellular_growth, guppyfry_snake_entry_island
Lair:5:   layout_small_grid, grunt_forest_stairs_clearing, uniq_rupert
Lair:6:   grunt_lair_end_beastmaster, layout_cave_pods, dpeg_slime_entry_corner,
          minivault_27
Shoals:1: nicolae_shoals_lighthouse, layout_shoals, serial_shops,
          nicolae_shop_crystal, hangedman_shoals_cup_caves
Shoals:2: layout_shoals, nicolae_shoals_beach_house_on_fowls_legs
Shoals:3: layout_shoals, uniq_louise
Shoals:4: shoals_end_grunt_garden, layout_shoals, ebering_ghost_inner_flame
Snake:1:  layout_onion_interference
Snake:2:  cheibrodos_toxic_ritual, layout_rooms, serial_shops, shop, uniq_aizul
Snake:3:  nicolae_snake_nest, layout_cave_town, minmay_shop_mayhem,
          abandoned_shop, lemuel_fruit_tree, serial_bayou_shore_a
Snake:4:  grunt_snake_rune_pools, layout_layer_cave, grunt_megastairs_2,
          minmay_shop_star
Orc:1:    layout_caves, serial_shops, shop_statue, nicolae_orc_bridge_out,
          nicolae_orc_lava_room
Orc:2:    st_orc_mages, layout_caves, uniq_donald
Vaults:1: hangedman_vaults_river_flow, hangedman_vaults_corner,
          vaults_room_corners, grunt_vaults_funnel,
          vaults_room_grunt_arrival_ludios, nicolae_vaults_disjoint_gnomons,
          gammafunk_sealed_library, ontoclasm_vaults_ring_square,
          nicolae_vaults_little_squares_5, v_misc_24, vaults_dpeg_hooks,
          layout_vaults_omnibox
Vaults:2: nicolae_vaults_network_s, nicolae_vaults_network_barrier, v_rooms_3,
          hangedman_vaults_nails, vaults_standard_mumra_enter_the_diamond,
          nicolae_vaults_big_ls, ontoclasm_vaults_shuriken,
          nicolae_vaults_little_squares_4, minmay_crypt_entry_simple_sparse,
          layout_vaults_omnicross, serial_shops, nicolae_diamond_shop,
          uniq_margery
Vaults:3: grunt_vaults_focal, nicolae_vaults_stairing_the_circle,
          nicolae_vaults_three_branches, nicolae_vaults_little_squares_5,
          vaults_dpeg_spiral, st_lines, vaults_room_door_ring,
          grunt_vaults_trifunnel, serial_ice_m, nicolae_vaults_alarming,
          v_pattern_3, vaults_room_pools, hangedman_vaults_capsules,
          hangedman_vaults_impose, layout_vaults_maze,
          portal_desolation_entry_ruin, uniq_nikola
Vaults:4: nicolae_vaults_yaktaur_gun_rack, nicolae_vaults_network_star,
          ontoclasm_vaults_twist, hangedman_vaults_snaps,
          ontoclasm_vaults_ligature, vaults_mumra_hex, ontoclasm_vaults_hangar,
          nicolae_vaults_little_squares_3, nicolae_vaults_little_squares_6,
          vaults_room_corners, layout_vaults_omnigrid, uniq_mennas,
          uniq_bai_suzhen

Skill      XL: |  1  2  3  4  5  6  7  8  9 10 11 12 13 14 15 16 17 18 19 20 |
---------------+-------------------------------------------------------------+-----
Maces & Flails | 3 4 5 6 8 10 11 12 13 14 15 16 | 16.0
Armour         | 2 3 4 5 6 7 10 11 13 | 13.0
Dodging        | 2 3 4 5 7 9 13 14 15 | 15.6
Fighting       | 4 5 6 8 9 10 11 13 14 16 17 20 21 | 21.0
Evocations     | 1 2 3 5 6 7 8 |  8.5
Shields        | 4 8 11 13 15 | 15.0

Action                   |  1- 3 |  4- 6 |  7- 9 | 10-12 | 13-15 | 16-18 | 19-21 || total
-------------------------+-------+-------+-------+-------+-------+-------+-------++-------
Melee: Mace              |   104 |    13 |       |       |       |       |       ||   117
       Flail             |       |    90 |   255 |   289 |       |       |       ||   634
       Headbutt          |       |    11 |    45 |   171 |   409 |   329 |   374 ||  1339
       Dire flail        |       |       |       |   458 |       |       |       ||   458
       Eveningstar       |       |       |       |    61 |  1656 |  1449 |  1155 ||  4321
Throw: Dart              |       |       |     2 |     9 |       |     3 |       ||    14
Invok: Berserk           |     6 |     5 |    11 |    22 |    33 |    27 |    19 ||   123
       Trog's Hand       |       |     1 |     5 |     6 |    24 |    28 |    18 ||    82
Evoke: Wand              |       |       |     1 |     9 |     4 |    10 |    23 ||    47
       Phantom mirror    |       |       |       |       |     1 |     3 |     6 ||    10
  Use: Potion            |       |     3 |       |       |     2 |     3 |     5 ||    13
       Scroll            |       |     4 |       |    10 |     6 |     6 |     9 ||    35
 Stab: Sleeping          |     1 |     1 |       |       |       |       |       ||     2
       Paralysed         |       |       |     2 |     4 |     1 |     3 |    11 ||    21
       Distracted        |       |       |       |       |       |     1 |     1 ||     2
Armor: Animal skin       |    23 |    19 |       |       |       |       |       ||    42
       Scale mail        |       |    11 |    63 |       |       |       |       ||    74
       Chain mail        |       |       |    72 |   167 |       |       |       ||   239
       Plate armour      |       |       |       |   556 |   824 |   492 |   557 ||  2429
Dodge: Dodged            |    50 |    41 |    87 |   428 |   332 |   312 |   520 ||  1770
Block: Other             |    28 |    40 |   106 |   185 |       |       |       ||   359
       Reflection        |     1 |     1 |     3 |       |       |       |       ||     5
       Kite shield       |       |       |       |    60 |  1217 |   971 |  1015 ||  3263

Table legend: (Time is in decaauts)
 A = Elapsed time spent in this place.
 B = Non-inter-level travel time spent in this place.
 C = Inter-level travel time spent in this place.
 D = Time resting spent in this place.
 E = Time spent auto-exploring this place.
 F = Levels seen in this place.
 G = Mean time per level.
                   A        B        C        D        E       F      G
               +--------+--------+--------+--------+--------+-----+--------+
         Total |  58137 |  55061 |   3076 |  19508 |  26393 |  39 | 1490.7 |
       Dungeon |  20396 |  18905 |   1491 |   5337 |  10809 |  15 | 1359.7 |
          Lair |  11790 |  10937 |    853 |   3980 |   5390 |   6 | 1965.0 |
        Shoals |   7483 |   7363 |    120 |   3178 |   2711 |   4 | 1870.8 |
     Snake Pit |   9129 |   8952 |    177 |   4134 |   3570 |   4 | 2282.2 |
  Orcish Mines |   2669 |   2408 |    261 |    734 |   1069 |   2 | 1334.5 |
        Vaults |   6067 |   5895 |    172 |   1970 |   2648 |   4 | 1516.8 |
         Abyss |     69 |     69 |      0 |      2 |      0 |   2 |   34.5 |
        Bazaar |     60 |     60 |      0 |      0 |     47 |   1 |   60.0 |
        Bailey |    468 |    468 |      0 |    171 |    148 |   1 |  468.0 |
               +--------+--------+--------+--------+--------+-----+--------+

Top non-repeatable levels by time:
 Snake:4: 3635 daAuts
Shoals:1: 3154 daAuts
  Lair:2: 2798 daAuts
Vaults:2: 2495 daAuts
 Snake:3: 2444 daAuts
  Lair:3: 2221 daAuts
     D:1: 2113 daAuts
  Lair:6: 2056 daAuts
Shoals:3: 1822 daAuts
Vaults:3: 1763 daAuts
    D:10: 1743 daAuts
Vaults:1: 1710 daAuts
  Lair:1: 1688 daAuts
Shoals:4: 1682 daAuts
   Orc:2: 1605 daAuts
